[Event "Indian Blitz Championship 2023"]
[Site "Nashik"]
[Date "2024.03.07"]
[Round "5.4"]
[White "Nitin, S.."]
[Black "Wagh Suyog"]
[Result "0-1"]
[ECO "B11"]
[WhiteElo "2338"]
[BlackElo "2250"]
[Annotator "TA"]
[PlyCount "90"]
[EventDate "2024.03.07"]
[EventType "blitz"]
[EventCountry "IND"]
[SourceTitle "playchess.com"]
[Source "ChessBase"]
[SourceQuality "1"]
[TimeControl "180+2"]

1. e4 c6 2. Nc3 d5 3. Qe2 dxe4 4. Nxe4 Bf5 5. d3 e6 6. Bd2 Nd7 7. g4 Bxe4 8. dxe4 {[%emt 0:00:01] Die Stellung ist ausgeglichen.} Qc7 9. O-O-O Bd6 10. Qe3 Ne7 11. f4 g5 12. fxg5 Ng6 13. Nf3 Bf4 14. Qc3 O-O-O 15. h4 Bxd2+ 16. Rxd2 (16. Qxd2 Nde5 17. Qe2 Rxd1+ 18. Qxd1 Nxg4 $19) ({Vorzuziehen ist} 16. Nxd2 $16 Nb6 17. Bd3) 16... Qf4 $1 $11 17. Nd4 Nde5 18. Bg2 (18. h5 $11 Nh4 19. Be2) 18... Qxg4 19. h5 Nf4 {[%emt 0:00:03] Ein dynamisches Springerpaar.} 20. Bf1 (20. Bf3 $17 {war die einzige Chance.} Qxg5 21. Kb1) 20... Qxg5 $19 21. Kb1 Rhg8 22. a4 Qe7 $2 (22... Qg3 $19 {...Qe1+ wäre nun fies.} 23. Qxg3 Rxg3) 23. a5 $11 a6 24. Nb3 (24. Bxa6 $11 {hält das Gleichgewicht.} bxa6 25. Rf1) 24... Rxd2 (24... Rg5 $17 25. Rxd8+ Qxd8) 25. Qxd2 (25. Nxd2 $11 Rg5 26. Nf3 Nxf3 (26... Rxh5 $2 27. Rxh5 Nxh5 28. Nxe5 $18) 27. Qxf3) 25... Qf6 (25... Rg4 $1 $17) 26. Qd4 ({Besser ist} 26. Nc5 $11) 26... Rd8 (26... Nd7 $1 $15 27. Qa7 Qe5 28. Bxa6 Qb8 (28... bxa6 29. Rd1 $14) 29. Qxb8+ Kxb8) 27. Qa7 {[%emt 0:00:01][%cal Of1a6] Zielt auf Bxa6! ab.} Qe7 $2 {[%emt 0:00:02] [#] Aktives Gegenspiel!} (27... Nd7 $11 {und Schwarz muss sich keine Sorgen machen.}) 28. Bxa6 (28. Nc5 $1 $18 Qc7 (28... Rd1+ 29. Ka2 $18) 29. Ka2 (29. Bxa6 bxa6 30. Qa8+ Qb8 $19)) 28... Qc7 $16 {[%emt 0:00:03] [#]} (28... Qb4 29. Qa8+ (29. Rf1 bxa6 30. Nc5 Nxh5 $17) 29... Kc7 30. Qa7 $14) 29. Nc5 bxa6 $15 30. Qa8+ Qb8 31. Qxa6+ Kc7 32. Qf1 $2 ({Weiss kommt nicht vorbei an} 32. Rf1 $1 $15) 32... Qb5 $1 $19 33. Qxf4 $2 (33. Qf2) 33... Qxc5 34. Rf1 Rd7 {[%emt 0:00:01][%cal Oc7c8] Und ...Kc8! würde nun gewinnen.} 35. a6 Kb6 36. c3 Kxa6 {[%emt 0:00:01] Droht stark ...Qb5.} 37. Kc2 Kb7 38. Ra1 Qb5 39. Qe3 {[%emt 0:00:03] [#] Pariert Qe2+.} Qxb2+ $3 40. Kxb2 {[%emt 0:00:02] jetzt Qa7+ und aus.} Nc4+ 41. Kb3 Nxe3 42. Rg1 f5 43. e5 f4 {[%emt 0:00:02] ( -> ...f3)} 44. h6 Nf5 (44... f3 $142 45. Rg7 Kc7 46. Rg3 f2 47. Rf3 f1=Q (47... f1=R $2 48. Rxe3 Rh1 49. Rf3 $19) 48. Rxf1 Nxf1 49. c4 Kb6 50. Kb4 Ne3 51. c5+ Ka6 52. Kb3 Kb5 53. Kc3 Ka4 (53... Kxc5 {ist ein Selbstmatt.} 54. Kb3 Rd3+ 55. Ka2 Kb4 56. Kb2 Rd1 57. Ka2 Kc3 58. Ka3 Ra1#) 54. Kb2 Rd3 55. Ka2 Rd2+ 56. Kb1 Kb3 57. Kc1 Rd1#) 45. Rg8 Nxh6 {[%emt 0:00:01] Gewichteter Fehlerwert: Weiß=0.95/Schwarz=0.63.  Verlustzug:     	Weiß=1     	Schwarz=1     Gewinn verpasst:   	---       	Schwarz=1     Fehler:       	Weiß=9     	Schwarz=3     Ungenau:       	Weiß=5     	Schwarz=3     OK:         	Weiß=8     	Schwarz=5     Bester:       	Weiß=2     	Schwarz=5     Stark:        	---       	Schwarz=2} 0-1

[Event "Indian Blitz Championship 2023"]
[Site "Nashik"]
[Date "2024.03.07"]
[Round "5.5"]
[White "Hari Madhavan N B"]
[Black "Aronyak Ghosh"]
[Result "1-0"]
[ECO "B15"]
[WhiteElo "2395"]
[BlackElo "2517"]
[Annotator "TA"]
[PlyCount "87"]
[EventDate "2024.03.07"]
[EventType "blitz"]
[EventCountry "IND"]
[SourceTitle "playchess.com"]
[Source "ChessBase"]
[SourceQuality "1"]
[TimeControl "180+2"]

1. e4 c6 2. d4 d5 3. Nc3 dxe4 4. Nxe4 Nf6 5. Nxf6+ exf6 6. Nf3 Bd6 7. Bd3 O-O 8. O-O Bg4 9. h3 Bh5 10. Re1 Na6 11. c3 Nc7 {[%emt 0:00:04] The position is equal.} 12. Be2 (12. g4 $5 Bg6 $8 13. Kf1 $11) 12... Re8 13. Nh4 Bg6 14. Nxg6 hxg6 15. Bf3 Qd7 16. Bd2 Ne6 17. Qc2 Bf4 $2 {[%emt 0:00:07][%mdl 8192] [#] A mistake that costs the game.} (17... f5 $11) 18. Rxe6 $1 $18 Qxe6 19. Bxf4 g5 20. Bd2 Qd6 21. Rd1 Rad8 22. Be3 Qc7 23. c4 Re7 24. d5 Red7 25. Qa4 (25. Bxa7 c5 26. Rd3 Re8 $18) 25... b5 26. cxb5 {[%emt 0:00:04] White is clearly winning.} cxd5 27. Qd4 Qe5 28. a4 Qe7 29. Bd2 Rc8 30. Re1 ({Inferior is} 30. Bxd5 Rc5 31. Bxf7+ Kxf7 $11) 30... Qd8 31. b3 {[%emt 0:00:06] Inhibits Rc4.} Rc2 32. Bd1 Rc8 33. a5 {[%emt 0:00:05] Black must now prevent Bg4.} Rb8 34. b4 Re7 35. Rxe7 Qxe7 36. Qd3 Qe5 37. Bc3 Qc7 38. Bf3 Rc8 39. Bd2 Qc4 40. Qxc4 dxc4 41. b6 axb6 42. a6 c3 {[%emt 0:00:01] [#]} 43. Bxc3 $1 Rxc3 44. a7 {[%emt 0:00:01] Weighted Error Value: White=0.25 (precise) /Black=0.49.  Loses game:     	---       	Black=1      Inaccurate:     	---       	Black=2      OK:         	White=12    	Black=5      Brilliant:      	White=1     	---} 1-0

[Event "Indian Blitz Championship 2023"]
[Site "Nashik"]
[Date "2024.03.07"]
[Round "5.6"]
[White "Mrudul Dehankar"]
[Black "Aradhya, Garg"]
[Result "1/2-1/2"]
[ECO "D02"]
[WhiteElo "1981"]
[BlackElo "2385"]
[Annotator "TA"]
[PlyCount "124"]
[EventDate "2024.03.07"]
[EventType "blitz"]
[EventCountry "IND"]
[SourceTitle "playchess.com"]
[Source "ChessBase"]
[SourceQuality "1"]
[TimeControl "180+2"]

1. d4 d5 2. Bf4 c5 3. e3 Nc6 4. Nf3 Nf6 5. Nbd2 Nh5 6. Be5 e6 7. c3 Nf6 8. Bf4 Bd6 9. Ne5 O-O 10. Bd3 Qc7 11. Ndf3 Ne4 12. Nxc6 Bxf4 13. exf4 (13. Ne7+ $5 Qxe7 14. exf4 $11) 13... bxc6 14. g3 cxd4 15. cxd4 Qa5+ 16. Kf1 Rb8 17. Qe2 c5 18. dxc5 (18. Kg2 $11 {hält das Gleichgewicht.}) 18... Nxc5 $17 19. Kg2 Nxd3 20. Qxd3 Rxb2 21. Qd4 Qa3 ({Finger weg von} 21... Rxa2 22. Rxa2 Qxa2 23. Ra1 $15) 22. Rhe1 Bb7 ({Auf keinen Fall} 22... Rxa2 23. Rxa2 Qxa2 24. Ra1 $15) 23. Re3 Qb4 24. Qxb4 Rxb4 25. Rd1 d4 26. Ra3 Rd8 (26... f6 $19 27. g4 h5) 27. Kg1 Bxf3 28. Rxf3 {[%emt 0:00:01][%mdl 4096] Endspiel. KRR-KRR} a5 29. Rd2 g6 30. Rfd3 Kg7 31. Kg2 Kf6 32. Kf3 e5 33. fxe5+ Kxe5 34. Ra3 a4 35. Rad3 f5 36. Rc2 Rd7 (36... g5 $19 37. Kg2 Ke4) 37. Rc5+ Kf6 (37... Rd5 $142 38. Rc2 Rdb5) 38. h4 (38. Ra5 $17 {kämpft weiter.}) 38... Rb2 $19 39. Rc6+ Kg7 (39... Ke5 $17 {[%cal Oe5d5] Und jetzt ...Kd5! wäre schön.} 40. Rc5+ Rd5) 40. Rc4 $1 $15 Rxa2 {[%emt 0:00:02] Droht ...Re7 und aus.} 41. Rcxd4 Rxd4 42. Rxd4 {[%emt 0:00:01] KR-KR} a3 (42... Kf6 $15) 43. Rd6 (43. Rd7+ $1 $11 {bleibt in der Remisbreite.} Kh6 44. Ra7) 43... Rb2 $17 44. Ra6 a2 45. Ke3 Kf7 46. f3 h6 ({Günstiger ist} 46... Ke7 $17 {Weiss muss nun ...Kd8 beachten.} 47. Kf4 Rf2) 47. Kf4 $11 {[%emt 0:00:02] Die Stellung ist ausgeglichen.} Rb4+ 48. Ke5 Rb5+ 49. Kf4 Rb2 50. Ke5 Re2+ 51. Kf4 Ke7 52. h5 $1 gxh5 53. Kxf5 Kf7 54. Ra7+ Kf8 55. Kf6 Ke8 56. Kg6 Rf2 57. f4 h4 58. gxh4 Rxf4 59. h5 Rf2 60. Kxh6 Rg2 61. Kh7 Kf8 {[%emt 0:00:02][%cal Og2g7] [#] ...Rg7+! ist eine echte Drohung.} 62. Kh6 Ke8 {Weiß willigt fröhlich ins Remis ein.   Gewichteter Fehlerwert: Weiß=0.15 (sehr präzise) /Schwarz=0.13 (sehr präzise) .  Fehler:       	Weiß=3     	Schwarz=6     Ungenau:       	Weiß=4     	Schwarz=1     OK:         	Weiß=21    	Schwarz=15    Bester:       	Weiß=5     	Schwarz=3     Stark:        	Weiß=2     	---} 1/2-1/2

[Event "Indian Blitz Championship 2023"]
[Site "Nashik"]
[Date "2024.03.07"]
[Round "5.7"]
[White "Patil Harshal"]
[Black "Aakash Sharadchandra, Dalvi"]
[Result "0-1"]
[ECO "A12"]
[WhiteElo "2094"]
[BlackElo "2291"]
[Annotator "TA"]
[PlyCount "70"]
[EventDate "2024.03.07"]
[EventType "blitz"]
[EventCountry "IND"]
[SourceTitle "playchess.com"]
[Source "ChessBase"]
[SourceQuality "1"]
[TimeControl "180+2"]

1. Nf3 d5 2. g3 c6 3. Bg2 Bf5 4. O-O e6 5. b3 Nf6 6. Bb2 a5 7. a3 Be7 8. d3 h6 9. Nbd2 O-O 10. c4 Bh7 11. Ra2 Nbd7 12. Bc3 Qb6 13. Qc2 c5 14. Rb1 {[%emt 0:01:44] The position is equal.} d4 15. Ba1 e5 16. Ne1 Qc7 17. Qc1 Rfe8 18. Nc2 Bf8 19. Rab2 e4 {[%emt 0:00:01] White is on the road to losing.} 20. dxe4 Nxe4 21. Nxe4 Bxe4 22. Bxe4 Rxe4 23. Ne1 (23. Qd1 $142) 23... Rae8 $17 24. Qd1 {[%emt 0:00:01] [#]} Qe5 $1 {[%emt 0:00:07] Black has more active pieces.} 25. Nf3 Qe6 26. b4 axb4 (26... cxb4 27. axb4 axb4 (27... Bxb4 28. Nxd4 Qxc4 29. e3 $17) 28. Nxd4 Qxc4 29. e3 $17) (26... Qxc4 27. bxc5 (27. Nd2 $2 Qxe2 28. Qf1 Ne5 $19) 27... Rxe2 (27... Nxc5 28. Rc2 $11) 28. Rc1 $11) 27. axb4 {[%emt 0:00:01] [#]} b6 ({Don't play} 27... cxb4 28. Nxd4 Qxc4 29. e3 $17) ({Worse is} 27... Qxc4 28. bxc5 Nxc5 29. Rc2 $11) (27... Rxe2 28. Rxe2 Qxe2 29. Qxe2 Rxe2 30. bxc5) 28. bxc5 bxc5 29. Kf1 (29. Kg2 {keeps fighting.}) 29... Qxc4 $19 30. Rc2 Qe6 31. Rb7 Qd5 32. Rb5 (32. Rb1 {nothing else works.}) 32... Ne5 33. Rbxc5 $2 (33. Nxe5 R4xe5 34. Kg1) 33... Bxc5 {[%emt 0:00:02] Black is clearly winning.} 34. Rxc5 Qxc5 35. Bxd4 Rxd4 {[%emt 0:00:01] Weighted Error Value: White=0.97/Black=0.27 (precise) .  Mistake:       	White=4     	---        Inaccurate:     	White=3     	Black=3      OK:         	White=4     	Black=11} 0-1

[Event "Indian Blitz Championship 2023"]
[Site "Nashik"]
[Date "2024.03.07"]
[Round "5.8"]
[White "Moksh Amit Doshi"]
[Black "Sai Agni Jeevitesh, J."]
[Result "0-1"]
[ECO "D37"]
[WhiteElo "2353"]
[BlackElo "2285"]
[Annotator "TA"]
[PlyCount "68"]
[EventDate "2024.03.07"]
[EventType "blitz"]
[EventCountry "IND"]
[SourceTitle "playchess.com"]
[Source "ChessBase"]
[SourceQuality "1"]
[TimeControl "180+2"]

1. d4 d5 2. c4 e6 3. Nf3 h6 4. Nc3 Nf6 5. Bf4 Bd6 6. Qc1 O-O 7. g4 Ne4 (7... Nxg4 $6 8. Rg1 Bxf4 9. Qxf4 $14) 8. h4 {[%emt 0:00:03][%cal Of4h6] The position is equal.} c5 9. dxc5 Bxc5 10. e3 Nc6 {[%emt 0:00:01] [#]} (10... Bb4 $11 {remains equal.}) 11. g5 (11. cxd5 $1 $16 exd5 12. Nxe4 dxe4 13. Qxc5 exf3 14. g5) 11... h5 ({Better is} 11... Nxc3 $11 12. bxc3 e5 13. Nxe5 Nxe5 14. Bxe5 Re8 (14... hxg5 15. Qd2 $11)) 12. Nxe4 ({White should try} 12. cxd5 $1 $14 exd5 13. Nxe4 dxe4 14. Qxc5 exf3 15. Rd1) 12... dxe4 $15 13. Nd2 e5 14. Bg3 Bf5 15. a3 a5 (15... Qb6 $5 16. Be2 a5 $11) 16. Be2 g6 17. Qc2 Qb6 18. O-O $2 {[%emt 0:00:20] [#]} (18. Nxe4 $14 {keeps the upper hand.} Bxe4 19. Qxe4) 18... Bxe3 $1 $19 {[%emt 0:00:07][%mdl 512] White must now prevent ...Nd4.} 19. Nxe4 Nd4 20. Qd3 Bf4 $36 {[%emt 0:00:36][%mdl 2048] Black is in control.} ({But not} 20... Qxb2 21. Bxh5 Bxf2+ 22. Bxf2 $17) 21. Bxf4 exf4 (21... Bxe4 {simplifies} 22. Qxe4 exf4 23. Bf3 Rad8) 22. c5 $2 (22. Nf6+ $17 Qxf6 23. gxf6 Bxd3 24. Bxd3 Nf3+ 25. Kg2 Nxh4+ 26. Kh1) 22... Qxb2 23. Rae1 (23. Bf3) 23... Rfd8 $2 (23... Bxe4 24. Qxe4 Rfe8) 24. Nf6+ $2 (24. Bf3) 24... Kg7 25. Qc4 Be6 {[%emt 0:00:04] Active counter play!} 26. Qa4 (26. Qd3 $142 Bf5 27. Qc4) 26... Bb3 27. Rb1 Qxb1 28. Rxb1 Bxa4 29. Bc4 Bc6 {[%emt 0:00:04] ...Nf3+ would now be deadly.} 30. Kf1 Nf3 31. Rc1 Nd2+ 32. Ke1 Nxc4 33. Rxc4 Rd3 (33... Bf3 $142 34. Ne8+ Rxe8+ 35. Kd2 Re4 36. Rc1 Re2+ 37. Kc3 Rxf2 38. Ra1 Bc6 39. Rd1 Re2 (39... Rf3+ $2 40. Kb2 $19) 40. Rd6 f3 (40... Re3+ {gets mated.} 41. Kd2 Rae8 42. Rd4 f3 43. Kc2 Re2+ 44. Kc3 f2 45. Rf4 R8e3+ 46. Kc4 Rxa3 47. Kd4 Re8 48. Rg4 hxg4 49. Kc4 Re4#) 41. Kd3 Rae8 42. Kc4 f2 43. Rd1 R2e3 44. Rd3 f1=Q (44... f1=B 45. a4 R8e4+ 46. Kc3 Rxd3+ 47. Kb2 Re2+ 48. Kc1 Bxa4 49. Kb1 Rd1#) (44... R8e4+ {is a self mate.} 45. Kc3 f1=Q 46. Kc2 Qxd3+ 47. Kb2 Qd2+ 48. Kb1 Re1#) 45. Kb3 Qxd3+ 46. Kb2 Re2+ 47. Kc1 Qc2#) 34. Rxf4 Rad8 {[%emt 0:00:00] Weighted Error Value: White=1.55/Black=0.91.  Loses game:     	White=2     	---        Mistake:       	White=4     	Black=3      Inaccurate:     	White=1     	Black=3      OK:         	White=9     	Black=3      Best:        	---       	Black=4      Brilliant:      	---       	Black=1} 0-1

[Event "Indian Blitz Championship 2023"]
[Site "Nashik"]
[Date "2024.03.07"]
[Round "5.9"]
[White "Dinesh Rajan M"]
[Black "Arpita, Mukherjee"]
[Result "1-0"]
[ECO "B90"]
[WhiteElo "1948"]
[BlackElo "2221"]
[Annotator "RC"]
[PlyCount "51"]
[EventDate "2024.03.07"]
[EventType "blitz"]
[EventCountry "IND"]
[SourceTitle "playchess.com"]
[Source "ChessBase"]
[SourceQuality "1"]
[TimeControl "180+2"]

1. e4 c5 2. Nf3 d6 3. d4 cxd4 4. Nxd4 Nf6 5. Nc3 a6 6. Be3 e5 7. Nf3 Be7 8. Nd2 b5 9. a4 b4 10. Nd5 Nxd5 11. exd5 a5 12. Bb5+ Nd7 13. Nc4 O-O 14. O-O Ba6 15. b3 f5 16. f3 Kh8 17. Qd3 Nf6 18. Bxa6 Rxa6 19. Nxe5 dxe5 20. Qxa6 Nxd5 21. Rad1 Qd7 22. Qxa5 Rd8 23. Bb6 Nxb6 24. Rxd7 Nxd7 25. Rd1 Kg8 26. Qc7 1-0

[Event "Indian Blitz Championship 2023"]
[Site "Nashik"]
[Date "2024.03.07"]
[Round "5.10"]
[White "Garv Rai"]
[Black "Ghosh, Diptayan"]
[Result "0-1"]
[ECO "D02"]
[WhiteElo "2241"]
[BlackElo "2559"]
[Annotator "TA"]
[PlyCount "112"]
[EventDate "2024.03.07"]
[EventType "blitz"]
[EventCountry "IND"]
[SourceTitle "playchess.com"]
[Source "ChessBase"]
[SourceQuality "1"]
[TimeControl "180+2"]

1. d4 Nf6 2. Bf4 d5 3. e3 c5 4. Nf3 Nc6 5. Nbd2 Bg4 6. h3 Bh5 7. g4 Bg6 8. Bb5 Nd7 9. c4 e6 10. O-O Be7 11. Rc1 O-O 12. cxd5 exd5 13. dxc5 Nxc5 14. Nb3 Qb6 15. Bxc6 bxc6 16. Nxc5 Bxc5 17. Bc7 Qb5 18. Nd4 Bxd4 19. Qxd4 Rfc8 20. Bd6 a5 21. Rc5 Qe2 (21... Qd3 {simplifies} 22. Re1 a4 23. h4 Qxd4 24. exd4 f6) 22. Rfc1 h5 23. gxh5 (23. Rxc6 $2 Rxc6 24. Rxc6 Be4 $19) 23... Be4 (23... Qxh5 $11 24. Qg4 Qxg4+ 25. hxg4 d4) 24. Qd1 (24. Rxc6 Rxc6 25. Ra1 Qf3 (25... Rxd6 $2 26. Qd1 $19) (25... Rxd6 $2 26. Qd1 $19)) 24... Qxb2 25. Qg4 Kh7 (25... Re8 $11) 26. a3 ({White should try} 26. f3 $14 Bd3 27. R5c3) 26... a4 (26... Re8 $11 {keeps the balance.}) 27. R5c3 $16 Re8 28. f3 (28. Rxc6 d4 29. R6c4 (29. exd4 $2 Bxc6 30. Rxc6 Re1+ 31. Kg2 Qb5 $17) 29... dxe3 30. fxe3 Bd3 $19) (28. Bc5 $1 $16 ) 28... Bd3 (28... d4 $1 $11 29. exd4 Bd5) 29. Bf4 $2 {[%emt 0:00:03] [#]} (29. Bc5 $1 $14 {stays ahead.} Re6 30. Bd4) 29... Qe2 $2 (29... d4 $1 $17 30. exd4 Re1+ 31. Rxe1 Qxc3) 30. Qg2 ({White should play} 30. Rxc6 $14 Ra6 31. Rxa6 Bxa6 32. Qf5+ Kg8 33. h6) 30... Qxg2+ $11 31. Kxg2 Bb5 32. Kf2 Re6 33. Rg1 Rae8 34. Rc5 Rf6 35. Rg5 d4 36. Be5 $2 (36. Rcf5 $11 {and White stays safe.}) 36... dxe3+ $19 37. Kxe3 {[%emt 0:00:03] [#]} Rfe6 $1 38. Rxg7+ Kh6 39. Kf4 Rxe5 $1 (39... Kxh5 40. Bb2+ (40. Rxf7 Kg6 $18) 40... Kh6 41. Rg4 $16 (41. Rxf7 Bd3 $18)) 40. Rxe5 Rxe5 41. Rxf7 Rxh5 42. Rf6+ Kg7 43. Rd6 Rxh3 44. Rd7+ Kf6 45. Rd6+ Ke7 46. Rd2 Rh1 47. Ra2 Kf6 48. Ke4 Rb1 49. f4 Rb3 (49... Bc4 $142 50. Rd2 Bd5+ 51. Kd4 Rb3 52. Ra2 Ke6 53. Rh2 Rxa3 54. Rh6+ Kf5 55. Rh8 Rf3 (55... Kxf4 $2 56. Rf8+ Kg5 57. Rf1 $19) 56. Rf8+ Kg6 57. f5+ Kg5 (57... Rxf5 $2 58. Re8 $19) 58. Re8 a3 (58... Kxf5 $2 59. Kc5 $19) 59. Re1 a2 (59... Kxf5 {is a self mate.} 60. Re8 a2 61. Rf8+ Kg5 62. Ra8 Rf1 63. Kc3 a1=Q+ 64. Rxa1 Rxa1 65. Kd4 Kf4 66. Kc3 Ra3+ 67. Kd4 Rf3 68. Kc5 Ke5 69. Kb6 Rb3+ 70. Kc7 Ke6 71. Kd8 Kd6 72. Kc8 Be6+ 73. Kd8 Rb8#) 60. Kc5 Rb3 (60... Kxf5 61. Kd6 $19) 61. Rg1+ Kf6 (61... Kxf5 {gets mated.} 62. Rf1+ Ke5 63. Re1+ Be4 64. Ra1 Rb5+ 65. Kc4 Bd5+ 66. Kc3 Rb1 67. Rxa2 Bxa2 68. Kd3 Bd5 69. Kc3 Rb3+ 70. Kc2 Bc4 71. Kd2 Kd4 72. Kc2 Ke3 73. Kd1 Bd3 74. Ke1 Rb1#) 62. Ra1 Rb1 (62... Kxf5 63. Rf1+ Ke4 64. Re1+ Kd3 65. Rd1+ Kc3 66. Rc1+ Kb2 67. Re1 a1=Q 68. Rxa1 Rb5+ 69. Kd4 Kxa1 70. Ke5 Bg2+ 71. Kf4 c5 72. Kg4 Bb7 73. Kh5 c4+ 74. Kg6 c3 75. Kg7 c2 76. Kf8 c1=Q 77. Kf7 Rf5+ 78. Kg6 Qg5+ 79. Kh7 Rf7+ 80. Kh8 Qg7#) 63. Rxa2 Bxa2 64. Kd4 Kxf5 65. Kc5 Ke5 66. Kxc6 Rc1+ 67. Kb5 Kd6 68. Kb4 Bc4 69. Ka3 Rb1 70. Ka4 Bd5 71. Ka3 Kc5 72. Ka4 Ra1#) 50. Ra1 Bc4 51. Kd4 Bd5 52. Rg1 Rxa3 53. Rc1 Rb3 54. Ra1 a3 55. Kc5 Kf5 56. Rf1 a2 0-1

[Event "Indian Blitz Championship 2023"]
[Site "Nashik"]
[Date "2024.03.07"]
[Round "6.1"]
[White "Mohammad Nubairshah Shaikh"]
[Black "Raja Rithvik R"]
[Result "1/2-1/2"]
[ECO "D73"]
[WhiteElo "2436"]
[BlackElo "2532"]
[Annotator "TA"]
[PlyCount "23"]
[EventDate "2024.03.07"]
[EventType "blitz"]
[EventCountry "IND"]
[SourceTitle "playchess.com"]
[Source "ChessBase"]
[SourceQuality "1"]
[TimeControl "180+2"]

1. Nf3 d5 2. g3 Nf6 3. Bg2 c5 4. O-O g6 5. c4 Bg7 6. cxd5 Nxd5 7. d4 cxd4 8. Nxd4 O-O 9. Nb5 Be6 10. Nd4 {[%emt 0:00:01] Die Stellung ist ausgeglichen.} Bc8 11. Nb5 Be6 12. Nd4 {[%emt 0:03:11] Ein ziemlich ruhiges Remis.   Gewichteter Fehlerwert: Weiß=0.00 (makellos) /Schwarz=0.00 (makellos) .  OK:         	---       	Schwarz=1} 1/2-1/2

[Event "Indian Blitz Championship 2023"]
[Site "Nashik"]
[Date "2024.03.07"]
[Round "6.2"]
[White "Hari Madhavan N B"]
[Black "Manish Anto Cristiano F"]
[Result "1-0"]
[ECO "B52"]
[WhiteElo "2395"]
[BlackElo "2286"]
[Annotator "TA"]
[PlyCount "97"]
[EventDate "2024.03.07"]
[EventType "blitz"]
[EventCountry "IND"]
[SourceTitle "playchess.com"]
[Source "ChessBase"]
[SourceQuality "1"]
[TimeControl "180+2"]

1. e4 c5 2. Nf3 d6 3. Bb5+ Bd7 4. Bxd7+ Qxd7 5. O-O Nf6 6. Re1 Nc6 7. c4 g6 8. Nc3 Bg7 9. d3 O-O {[%emt 0:00:02] Black has an edge.} 10. a3 a6 11. Rb1 a5 12. h3 Ne8 13. Be3 Nc7 14. Qd2 Ne6 15. Bh6 Ned4 16. Nxd4 Nxd4 17. Bxg7 Kxg7 18. Ne2 Nxe2+ 19. Rxe2 b5 20. cxb5 Qxb5 21. Qc3+ f6 22. Re3 (22. f4 $11 {keeps the balance.}) 22... Rab8 23. h4 Qb3 (23... Qa4 $17 24. Qd2 Rb7) 24. Qxa5 $15 Qc2 25. Qe1 Rxb2 26. Rxb2 Qxb2 $17 {[%emt 0:00:02][%mdl 4096] Endgame. KQR-KQR} 27. Qa5 {[%emt 0:00:01] Repels Ra8} Rb8 28. h5 Qa1+ (28... gxh5 29. Qa7 Qb7 30. Qa4 $17) 29. Kh2 $2 (29. Re1 {was the only defense.} Rb1 30. Rxb1 Qxb1+ 31. Kh2 Qxd3 32. hxg6) 29... Qe5+ (29... gxh5 30. e5 dxe5 (30... fxe5 $2 31. Qa7 $18) 31. Qc7 $18) 30. f4 $2 (30. g3) 30... Qxf4+ $19 31. Rg3 Rb3 32. Qa6 g5 33. Qa7 (33. h6+ $142 Kxh6 34. Qc4) 33... Qe5 (33... Rxd3 34. Qxe7+ Kh6 35. Qf8+ Kxh5 36. Qf7+ Kh6 37. Qf8+ Kh5 38. Qf7+ Kh6 39. Qf8+ Kh5 $11) 34. Qa6 Rc3 35. Kh3 {[%emt 0:00:05] [#]} c4 $1 36. Rf3 {[%emt 0:00:02] [#]} (36. h6+ Kxh6) 36... g4+ $1 37. Kxg4 Rxd3 $2 (37... cxd3 38. h6+ Kxh6) 38. Qxc4 Qg5+ 39. Kh3 Qxh5+ 40. Kg3 Rd2 {[%emt 0:00:03] ( -> ...Qg5+)} 41. Qf1 Ra2 42. Qg1 $2 (42. Rd3) 42... Qe5+ 43. Kh3 Qxe4 $2 (43... Ra1 44. Rf1 Qh5+ (44... Rxa3+ $2 45. g3 $19) 45. Kg3 Rxa3+ 46. Rf3 Qg5+ 47. Kh2 Rxf3 48. gxf3 Qxg1+ 49. Kxg1 f5) 44. Qf1 Qe6+ 45. Kh2 Qe5+ $2 (45... Kf7 $19 {Threatens to win with ...Qe5+.} 46. Qd3 Qe5+ 47. Rg3 Re2 48. Qxh7+ Ke8 49. Qg8+ Kd7 50. Qg4+ Kc7 51. Qc4+ Kd7 52. Qg4+ Kc7 53. Qc4+ Kd7 54. Qa4+ Ke6 55. Qc4+ d5 56. Qc8+ Kd6) 46. Rg3+ $11 Kf8 47. Qf3 {[%emt 0:00:01] White wants to mate with Qa8+.} (47. Qc4 $5 Qh5+ $8 (47... Rxa3 48. Qg8#) 48. Rh3 Qe5+ 49. Rg3 Qh5+ (49... Rxa3 50. Qg8#) 50. Rh3 $11) 47... Rb2 $2 (47... d5 $11 48. Qg4 e6 (48... Rxa3 49. Qg8#)) 48. Qa8+ Kf7 49. Qg8# {[%emt 0:00:02] Weighted Error Value: White=0.96/Black=0.74.  Loses game:     	---       	Black=1      Missed win:     	---       	Black=1      Mistake:       	White=5     	Black=1      Inaccurate:     	White=5     	Black=1      OK:         	White=7     	Black=7      Best:        	White=4     	Black=4} 1-0